AoeStats
← Lard

Arabia

506867349Analyzed
1v1 RM · 15d ago on Sep 15, 2026· 44m 10s· 2 players
Game mode
Random Map
Map size
Tiny (2 player)
Population
200
Speed
Normal
Resources
Standard
Victory
Conquest
Starting age
Dark Age
Ending age
Imperial Age
RankedLock teamsTeams togetherTeam positionsShared explorationLock speedFull tech treeHidden civsTurbo modeCheats
Victory
Defeat
🇬🇧 Hindustanis · United Kingdom
1010
+15
🇸🇰 Armenians · Slovakia
983
-15
InF1caTe
3:09 Loom
10:34 Feudal Age
10:39 Man-at-Arms
11:22 Long Swordsman
16:36 Double-Bit Axe
17:38 Horse Collar
26:20 Castle Age
32:25 Pikeman
Lard
6:51 Loom
9:11 Feudal Age
10:05 Double-Bit Axe
10:07 Man-at-Arms
22:14 Castle Age
20:29 Fletching
20:23 Horse Collar
21:21 Gold Mining
22:04 Padded Archer Armor
22:43 Scale Barding Armor
22:28 Crossbowman
23:26 Bodkin Arrow
24:49 Wheelbarrow
25:49 Thumb Ring
27:09 Town Watch
32:01 Bow Saw
33:03 Ballistics
38:58 Imperial Age
37:11 Scale Mail Armor
38:10 Heavy Plow
38:24 Bloodlines
38:10 Stone Mining
39:17 Leather Archer Armor
40:30 Bracer
42:07 Murder Holes
44:40 Chain Mail Armor
Connection lost

Rejoining the realm…

Still unreachable

The connection could not be restored.

Session expired

The server has moved on; the page needs a fresh start.